 Dungeon Crawl Stone Soup version 0.17-a0-2208-ge5ab1d3 (webtiles) character file.

60 kae the Insei (level 4, 0/42 HPs)
             Began as an Octopode Transmuter on Oct 26, 2015.
             Succumbed to an adder's poison
             ... on level 2 of the Dungeon.
             The game lasted 00:01:57 (1427 turns).

kae the Insei (Octopode Transmuter)                 Turns: 1427, Time: 00:01:57

Health: 0/42       AC: 22    Str:  9    XL:     4   Next: 4%
Magic:  7/7        EV:  2    Int: 15    God:
Gold:   60         SH:  0    Dex: 13    Spells: 2 memorised, 4 levels left

rFire  . . .     SeeInvis .       - Unarmed
rCold  . . .     Clarity  .     (no shield)
rNeg   + + +     SustAt   .     (helmet currently unavailable)
rPois  +         Gourm    .     (no amulet)
rElec  .         Spirit   .     (no ring)
rCorr  .         Warding  .     (no ring)
rMut   .         NoTele   +     (no ring)
MR     .....                    (no ring)
Stlth  +.........               (no ring)
                                (no ring)
                                (no ring)
                                (no ring)

@: lethally poisoned (0 -> -1), tree-form (expiring), very slightly
contaminated, hasted, very quick, not resistant to hostile enchantments, very
unstealthy
A: almost no armour, amphibious, 8 rings, (constrict 8), (camouflage 0),
(gelatinous body 0)
a: no special abilities


You were on level 2 of the Dungeon.
You were hungry.
You were a tree.
You visited 1 branch of the dungeon, and saw 2 of its levels.

You collected 60 gold pieces.

Inventory:

Missiles
 a - 33 arrows
Wands
 k - a wand of digging (8)
Scrolls
 e - a scroll of amnesia
 h - a scroll of teleportation
 j - 2 scrolls of enchant weapon
Books
 b - a book of Changes

   Spells                             Type                      Level
   a - Beastly Appendage              Transmutation                1
   b - Sticks to Snakes               Transmutation                2
   c - Spider Form                    Transmutation/Poison         3
   d - Ice Form                       Ice/Transmutation            4
   e - Blade Hands                    Transmutation                5
Comestibles
 c - 2 bread rations
 d - a royal jelly


   Skills:
 - Level 1.0 Fighting
 - Level 2.0 Dodging
 + Level 4.8 Unarmed Combat
 - Level 2.0 Spellcasting
 - Level 2.0 Transmutations


You had 4 spell levels left.
You knew the following spells:

 Your Spells              Type           Power        Failure   Level  Hunger
a - Beastly Appendage     Trmt           #.....       12%         1    #......
b - Sticks to Snakes      Trmt           #.........   14%         2    ###....


Dungeon Overview and Level Annotations

Branches:
Dungeon (2/15)

Altars:


Innate Abilities, Weirdness & Mutations

You cannot wear most types of armour.
You are amphibious.
You can wear up to eight rings at the same time.
((You can use your tentacles to constrict eight enemies at once.))
((Your skin changes colour to match your surroundings (Stealth).))
((Your rubbery body absorbs attacks (AC +1).))


Message History

It was a scroll of immolation.
There is a lethal amount of poison in your body!
You aren't carrying any potions.
Unknown command.
Read which item? (? for menu, Esc to quit)
Okay, then.
Read which item? (? for menu, Esc to quit)
Okay, then.
Evoke which item? (* to show all) (? for menu, Esc to quit)
Zapping:
k - a wand of digging (will waste charges)
Press: ? - help, Shift-Dir - straight line, f - you Nothing appears to happen.
Evoking this partially-identified wand wasted a few charges.
There is a lethal amount of poison in your body!
Unknown command.
Unknown command.
There is a lethal amount of poison in your body!
There is a lethal amount of poison in your body!
Your transformation is almost over.
You die...

....$.. .......
....... ..S...
....... #....
....... ##.#.##
..... #...h.#
.... #.##.S##
..#
#.hh######)#
##....#.†♣.#
..##....>##.#
...##...###.##
.....#..###..#
.
...#.....##..##
. ...
##.#.......# .
.. ...#..#....#
. ##..##......#
... ###....#


There were no monsters in sight!

Vanquished Creatures
  3 adders (D:2)
  4 bats
  A giant cockroach (D:2)
  7 hobgoblins
  4 jackals (D:2)
  A giant newt (D:1)
  5 goblins
  6 kobolds
  2 rats
33 creatures vanquished.

Notes
Turn   | Place    | Note
--------------------------------------------------------------
     0 | D:1      | kae the Octopode Transmuter began the quest for the Orb.
     0 | D:1      | Reached XP level 1. HP: 13/13 MP: 3/3
   191 | D:1      | Reached XP level 2. HP: 15/18 MP: 5/5
   195 | D:1      | Learned a level 2 spell: Sticks to Snakes
   974 | D:1      | Reached skill level 4 in Unarmed Combat
  1245 | D:2      | Reached XP level 3. HP: 19/23 MP: 6/6
  1415 | D:2      | Reached XP level 4. HP: 2/28 MP: 7/7
  1415 | D:2      | HP: 1/42 [poisoned by an adder]
  1421 | D:2      | HP: 1/42 [poisoned by an adder]
  1427 | D:2      | Succumbed to an adder's poison

Vault maps used:
D:1:      dpeg_arrival_leaves_temple_mockup
D:2:      lemuel_round_altar

Action                   |  1- 3 |  4- 6 || total
-------------------------+-------+-------++-------
Melee: Unarmed           |    71 |     3 ||    74
Evoke: Wand              |       |     1 ||     1
  Use: Potion            |     2 |       ||     2
       Scroll            |       |     5 ||     5
 Stab: Sleeping          |     6 |       ||     6
  Eat: Chunk             |     1 |       ||     1
